 Dungeon Crawl Stone Soup version 0.24.0-28-g17ded55e90 (webtiles) character file.

Game seed: 10152059602621271590, levelgen mode: deterministic

37 Delamore the Chopper (level 3, 0/31 HPs)
             Began as a Hill Orc Fighter on Nov 13, 2019.
             Slain by an adder (1 damage)
             ... on level 2 of the Dungeon.
             The game lasted 00:01:52 (849 turns).

Delamore the Chopper (Hill Orc Fighter)              Turns: 849, Time: 00:01:52

Health: 0/31       AC: 10    Str: 19    XL:     3   Next: 39%
Magic:  3/3        EV:  7    Int:  8    God:
Gold:   58         SH:  9    Dex: 10    Spells: 2/2 levels left

rFire    . . .     SeeInvis .   a - +0 war axe
rCold    . . .     Gourm    .   c - +0 shield
rNeg     . . .     Faith    .   b - +0 scale mail
rPois    .         Spirit   .   (no helmet)
rElec    .         Reflect  .   (no cloak)
rCorr    .         Harm     .   (no gloves)
MR       .....                  e - +0 pair of boots
Stlth    ..........             (no amulet)
HPRegen  0.10/turn              (no ring)
MPRegen  0.08/turn              (no ring)

@: lethally poisoned (0 -> -5)
A: hooves 1, slimy green scales 1, evolution 1, sturdy frame 1
a: no special abilities


You were on level 2 of the Dungeon.
You were not hungry.

You visited 1 branch of the dungeon, and saw 2 of its levels.

You collected 58 gold pieces.

Inventory:

Hand Weapons
 a - a +0 war axe (weapon)
Armour
 b - a +0 scale mail (worn)
 c - a +0 shield (worn)
 e - a +0 pair of boots (worn)
Scrolls
 g - 3 scrolls of teleportation {unknown}
 h - 2 scrolls of blinking {unknown}
 k - a scroll of remove curse {unknown}
 l - a scroll of identify {unknown}
 m - a scroll of fog {unknown}
Potions
 d - a potion of might
Comestibles
 f - 3 rations


   Skills:
 - Level 3.6 Fighting
 + Level 5.0 Axes
 - Level 3.2 Armour
 - Level 3.2 Shields


You had 2 spell levels left.
You didn't know any spells.
Your spell library was empty.

Dungeon Overview and Level Annotations

Branches:
Dungeon (2/15)

Altars:


Innate Abilities, Weirdness & Mutations

You have large cloven feet.
You are partially covered in slimy green scales. (AC +2)
You evolve.
Your movements are slightly less encumbered by armour. (ER -2)


Message History

You feel sick. The adder bites you.
* * * LOW HITPOINT WARNING * * *
You are lethally poisoned!
The adder poisons you! The adder bites you but does no damage.
You block the gnoll's attack.
* * * LOW HITPOINT WARNING * * *
You feel sick. The adder bites you.
* * * LOW HITPOINT WARNING * * *
You see here a rat corpse.
It was a potion of mutation.
You feel extremely strange.
Slimy green scales grow over part of your body.
You feel nature experimenting on you.
Don't worry, failures die fast.
Your feet thicken and deform.
You feel less encumbered by your armour.
* * * LOW HITPOINT WARNING * * *
You feel sick. You block the adder's attack.
It was a potion of cancellation.
You feel magically purged. You block the adder's attack.
You block the gnoll's attack. The adder bites you.
You die...

## ##########
......)..##.#####
...............#
..##...##.###.# ##
#.##.###.# #.#
.#...#.....###'###
####.# #.##...##...[#
#....###..##..##....#
#...####@..#..#..##....#
# #.S##.###...##....#
#...#g.#.#.....##....#
##. ##.##.###..##....##
.. #g#..!# ...##......
.. ...###.# ...###+#.##
#. #.### #.....# #.# # #
.....# #.. ..## #.#


You could see a gnoll and an adder.

Vanquished Creatures
  2 dart slugs (D:1)
  A leopard gecko (D:1)
  4 giant cockroaches
  4 goblins
  A hobgoblin (D:1)
  5 jackals (D:1)
  A bat (D:2)
  3 frilled lizards (D:1)
  5 kobolds (D:1)
  3 rats
29 creatures vanquished.

Notes
Turn   | Place    | Note
-------+----------+-------------------------------------------
     0 | D:1      | Delamore the Hill Orc Fighter began the quest for the Orb.
     0 | D:1      | Reached XP level 1. HP: 19/19 MP: 1/1
    30 | D:1      | Reached skill level 3 in Axes
    62 | D:1      | Reached XP level 2. HP: 26/26 MP: 2/2
   262 | D:1      | Reached skill level 4 in Axes
   528 | D:1      | Reached XP level 3. HP: 27/31 MP: 3/3
   840 | D:2      | Reached skill level 5 in Axes
   848 | D:2      | Gained mutation: You are partially covered in slimy green
                  | scales. (AC +2) [potion of mutation]
   848 | D:2      | Gained mutation: You evolve. [potion of mutation]
   848 | D:2      | Gained mutation: You have large cloven feet. [potion of
                  | mutation]
   848 | D:2      | Gained mutation: Your movements are slightly less
                  | encumbered by armour. (ER -2) [potion of mutation]
   848 | D:2      | HP: 1/31 [poisoned by an adder]
   849 | D:2      | Slain by an adder

Levels and vault maps discovered:
D:1:      mrwooster_arrival_statue, layout_loops_ring
D:2:      layout_basic, corexii_item_surrounded_by_moat, minmay_pentomino_pile

Skill      XL: |  1  2  3 |
---------------+----------+-----
Axes           | 3 4 5 |  5.0
Fighting       | |  3.6
Armour         | |  3.2
Shields        | |  3.2

Action                   || total
-------------------------++-------
Melee: War axe           ||   104
  Use: Potion            ||     2
Armor: Scale mail        ||    40
Dodge: Dodged            ||    43
Block: Shield            ||    56
